 Dungeon Crawl Stone Soup version 0.29.1-2-gbd0b4ee654 (webtiles) character file.

Game seed: 959750845865499651

1 Icepheonix32 the Insei (level 1, 0/13 HPs)
             Began as an Octopode Transmuter on Nov 17, 2022.
             Slain by a hobgoblin (4 damage)
             ... on level 1 of the Dungeon.
             The game lasted 00:00:04 (36 turns).

Icepheonix32 the Insei (Octopode Transmuter)          Turns: 36, Time: 00:00:05

Health: 0/13       AC:  1    Str:  9    XL:     1   Next: 20%
Magic:  2/3        EV: 13    Int: 15    God:
Gold:   0          SH:  0    Dex: 12    Spells: 3/4 levels left

rFire   . . .      SeeInvis .     - Unarmed
rCold   . . .      Faith    .   (no shield)
rNeg    . . .      Spirit   .   (helmet restricted)
rPois   .          Reflect  .   (no amulet)
rElec   .          Harm     .   (no ring)
rCorr   .          Rampage  .   (no ring)
Will    .....                   (no ring)
Stlth   ++........              (no ring)
HPRegen 0.04/turn               (no ring)
MPRegen 0.08/turn               (no ring)
                                (no ring)
                                (no ring)

@: no status effects
A: almost no armour, amphibious, 8 rings, camouflage 1, gelatinous body 1,
(nimble swimmer 1), tentacles
a: no special abilities


You were on level 1 of the Dungeon.
You visited 1 branch of the dungeon, and saw 1 of its levels.

Inventory:

Potions
 a - a potion of lignification


   Skills:
 + Level 1.0 Fighting
 * Level 2.0 Dodging
 + Level 3.0 Unarmed Combat
 + Level 2.0 Spellcasting
 + Level 2.0 Transmutations


You had 3 spell levels left.
You knew the following spells:

 Your Spells              Type           Power      Damage    Failure   Level
a - Beastly Appendage     Tmut           14%        N/A       10%         1

Your spell library contained the following spells:

 Spells                   Type           Power      Damage    Failure   Level
 Wereblood                Tmut           7%         N/A       14%         2
 Spider Form              Tmut/Pois      4%         N/A       41%         3
 Ice Form                 Ice/Tmut       4%         N/A       82%         4


Dungeon Overview and Level Annotations

Branches:
Dungeon (1/15)

Altars:


Innate Abilities, Weirdness & Mutations

You cannot wear most types of armour.
You are amphibious.
You can wear up to eight rings at the same time.
Your skin changes colour to match your surroundings (Stealth+).
Your rubbery body absorbs attacks. (AC +1, EV +1)
((You are camouflaged when in or above water. (Stealth+)))
You have tentacles for arms and can constrict up to eight enemies at once.


Message History

Press ? for a list of commands and other information.
Found a staircase leading out of the dungeon.
You open the door.
There is an open door here.
You open the door.
There is an open door here.
There is an open door here.
An endoplasm comes into view.
An endoplasm is nearby!
An endoplasm is nearby!
One of your tentacles grows a vicious spike.
A hobgoblin comes into view.
The helpless endoplasm fails to defend itself.
You tentacle-slap the endoplasm but do no damage.
You pierce the endoplasm.
The endoplasm is heavily wounded.
The hobgoblin shouts!
You barely miss the endoplasm.
The endoplasm is heavily wounded.
The endoplasm freezes you.
You are frozen.
You tentacle-slap the endoplasm.
You pierce the endoplasm, but do no damage.
The endoplasm is almost dead.
The endoplasm misses you.
You tentacle-slap the endoplasm but do no damage.
You pierce the endoplasm.
You kill the endoplasm!
Your tentacle spike disappears.
The hobgoblin hits you.
You are too injured to fight recklessly!
You are too injured to fight recklessly!
You are too injured to fight recklessly!
You are too injured to fight recklessly!
You are too injured to fight recklessly!
You are too injured to fight recklessly!
A hobgoblin is nearby!
A hobgoblin is nearby!
The hobgoblin hits you.
You die...

.... #..# ###
#..######## ..###
#..##.....# #...
#...'..<..#####..#
#..##.....##..#..#
...##########.#..#
#..#########.....#
#...............@#
#.⌠.........#.##g#
#...#########....#
#...# ####.# ##.##
#.# #.# ..# #.#
### ..#


You could see a hobgoblin.

Vanquished Creatures
  An endoplasm (D:1)
1 creature vanquished.

Notes
Turn   | Place    | Note
-------+----------+-------------------------------------------
     0 | D:1      | Icepheonix32 the Octopode Transmuter began the quest for
                  | the Orb.
     0 | D:1      | Reached XP level 1. HP: 13/13 MP: 3/3
    36 | D:1      | Slain by a hobgoblin

Illustrated notes

Levels and vault maps discovered:
D:1:      dpeg_arrival_rooms_a, layout_loops_cross, serial_shops, shop,
          shapermc_ecumenical_altar_rom_forum, grunt_decor_cap,
          corexii_leaking_fountain, skrybe_limestone_x

Action                   || total
-------------------------++-------
Melee: Unarmed           ||     4
       Kick              ||     3
 Cast: Beastly Appendage ||     1
 Stab: Sleeping          ||     1
Dodge: Dodged            ||     1
